 Dungeon Crawl Stone Soup version 0.19.5 (webtiles) character file.

19072 AAAAA the Slicer (level 13, -1/93 HPs)
             Began as a Human Assassin on Apr 15, 2017.
             Was a Priest of Kikubaaqudgha.
             Slain by a seven-headed hydra (7 damage)
             ... on level 4 of the Lair of Beasts.
             The game lasted 00:53:51 (16108 turns).

AAAAA the Slicer (Human Assassin)                  Turns: 16108, Time: 00:53:52

Health: -1/93      AC: 11    Str: 13    XL:     13   Next: 1%
Magic:  27/27      EV: 16    Int: 11    God:    Kikubaaqudgha [***...]
Gold:   988        SH:  0    Dex: 19    Spells: 7 memorised, 8 levels left

rFire  . . .     SeeInvis .     a - +9 rapier (freeze)
rCold  . . .     Gourm    .     K - +0 robe (curse)
rNeg   . . .     Faith    .     (no shield)
rPois  .         Spirit   .     Z - +2 hat {MR+}
rElec  .         Reflect  .     d - +0 cloak
rCorr  .         Harm     .     N - +0 pair of gloves
MR     +....                    Y - +2 pair of boots
Stlth  ++++......               R - amulet of magic regeneration
                                B - +2 ring of protection
                                k - +4 ring of evasion

@: sluggish, about to teleport, regenerating (expiring), very slow
A: no striking features
a: Receive Corpses, Renounce Religion


You were on level 4 of the Lair of Beasts.
You worshipped Kikubaaqudgha.
Kikubaaqudgha was most pleased with you.
You were not hungry.

You visited 2 branches of the dungeon, and saw 15 of its levels.
You also visited: Ice Cave.

You collected 988 gold pieces.

Inventory:

Hand Weapons
 a - a +9 rapier of freezing (weapon)
 b - a +4 blowgun
 W - a +7 short sword of venom
Missiles
 f - 8 curare-tipped needles
 t - 579 stones (quivered)
 G - 9 poisoned needles
 J - 2 throwing nets
Armour
 d - a +0 cloak (worn)
 K - a cursed +0 robe (worn)
 N - a +0 pair of gloves (worn)
 Y - a +2 pair of boots (worn)
 Z - a +2 hat of magic resistance (worn)
Jewellery
 k - a +4 ring of evasion (left hand)
 w - the amulet of Mistrust {Inacc rF+ rC+}
   (You found it on level 4 of the Dungeon)

   [amulet of inaccuracy]

   It reduces the accuracy of all your attacks.
   It protects you from fire.
   It protects you from cold.
 B - a +2 ring of protection (right hand)
 H - an uncursed ring of see invisible
 I - an uncursed amulet of guardian spirit
 R - an amulet of magic regeneration (around neck)
Wands
 V - a wand of teleportation (4/9)
Scrolls
 c - a scroll of torment {unknown}
 e - 3 scrolls of remove curse
 h - a scroll of blinking
 l - 5 scrolls of amnesia
 m - a scroll of holy word {unknown}
 n - 2 scrolls of recharging
 r - 5 scrolls of teleportation
 u - a scroll of fog
 x - 2 scrolls of magic mapping
 y - a scroll of enchant armour {unknown}
 P - a scroll of silence
 S - a scroll of summoning
 X - a scroll of fear
Potions
 i - a potion of might
 o - 3 potions of resistance
 p - 2 potions of berserk rage
 s - 2 potions of ambrosia
 v - 3 potions of flight
 z - 3 potions of haste
 A - 3 potions of curing
 C - 5 potions of agility
 D - 4 potions of brilliance
 Q - a potion of invisibility
 T - a potion of cure mutation {unknown}
 U - 3 potions of lignification
Books
 M - Kikubaaqudgha's Catalogue of Darkness
   (Kikubaaqudgha gifted it to you on level 8 of the Dungeon)

   Spells                             Type                      Level
   a - Bolt of Draining               Conjuration/Necromancy       5
   b - Agony                          Necromancy                   5
   c - Cigotuvi's Embrace             Necromancy                   5
   d - Dispel Undead                  Necromancy                   5
   e - Death Channel                  Necromancy                   6
Miscellaneous
 j - a phial of floods
Comestibles
 g - 9 bread rations
 q - 3 chunks of flesh
 E - 4 meat rations
 L - 5 fruits


   Skills:
 - Level 6.0 Fighting
 - Level 11.0 Short Blades
 - Level 2.0 Throwing
 - Level 1.0 Dodging
 - Level 8.0 Stealth
 + Level 10.0 Spellcasting
 + Level 10.8 Necromancy


You had 8 spell levels left.
You knew the following spells:

 Your Spells              Type           Power        Failure   Level  Hunger
a - Swiftness             Chrm/Air       #.......     21%         2    None
b - Corpse Rot            Necr           N/A          1%          2    None
c - Repel Missiles        Chrm/Air       #.....       21%         2    None
d - Animate Dead          Necr           N/A          1%          4    ####...
e - Regeneration          Chrm/Necr      ###.......   6%          3    ##.....
f - Dispel Undead         Necr           ####....     6%          5    #####..
g - Simulacrum            Ice/Necr       ###.......   99%         6    #######


Dungeon Overview and Level Annotations

Branches:
Dungeon (11/15)            Temple (0/1) D:5            Lair (4/6) D:8
  Snake (0/4) Lair:3
  Swamp: Lair:2-4    Shoals: Lair:2-4       Orc: D:9-12

Altars:
Cheibriados
Gozag
Hepliaklqana
Kikubaaqudgha
Okawaru
The Shining One

Shops:
D:8 }


Message History

The seven-headed hydra bites you but does no damage.
The seven-headed hydra barely misses you.
The seven-headed hydra bites you.
* * * LOW HITPOINT WARNING * * *
Unknown command.
Unknown command.
Unknown command.
Unknown command.
It was a potion of magic.
Magic courses through your body.
You start to feel a little faster.
The seven-headed hydra bites you.
* * * LOW HITPOINT WARNING * * *
The seven-headed hydra closely misses you.
The seven-headed hydra misses you. The seven-headed hydra bites you!
* * * LOW HITPOINT WARNING * * *
The seven-headed hydra bites you.
* * * LOW HITPOINT WARNING * * *
The seven-headed hydra bites you!
You die...
Kikubaaqudgha rasps: "You have failed me!
Welcome... death!"

...................PP≈≈≈≈≈P......
...................PPPPPPPP......
.......................PZ..≈≈≈...
..............#...........≈≈P....
........≈≈...#.#Z.P#..###ZZ≈.≈...
........≈≈..#=.:#.######....P#...
........≈##..#)#...# ###P####..
........≈#....#...## ### #...
........≈####..D@## ##..
........≈#≈###≈.## #..
....D...≈≈≈≈≈≈≈.# #..
........≈≈≈≈≈≈≈.## #..
........≈≈≈≈≈≈≈..# #..
........≈≈≈≈≈≈≈.## #..
.............>..# #..
#.#####.#..#.#..# #.# ###
###P####### ##


You could see a seven-headed hydra.

Vanquished Creatures
  A hydra (Lair:3)
  Harold (Lair:1)
  The ghost of Lichfox the Artisan of Death, a journeyman HuNe of Kikubaaqudgha (Lair:1)
  An ugly thing (IceCv)
  An oklob plant (Lair:1)
  A black mamba (Lair:3)
  2 ice statues (IceCv)
  A molten gargoyle (Lair:3)
  A spiny frog (Lair:2)
  2 rime drakes
  2 komodo dragons (Lair:3)
  A polar bear (Lair:3)
  3 dream sheep (Lair:4)
  4 hippogriffs
  A shadow (D:10)
  Sigmund (D:4)
  3 basilisks
  A steam dragon (D:8)
  Eustachio (D:6)
  9 yaks
  2 hungry ghosts
  2 wargs (D:8)
  Edmund (D:5)
  3 nagas (Lair:3)
  Duvessa (D:5)
  3 porcupines
  A water moccasin (Lair:2)
  A sky beast (D:8)
  8 ice beasts
  4 orc warriors
  4 phantoms
  4 ogres
  2 black bears
  10 wolves
  6 centaurs
  4 crocodiles
  6 bullfrogs
  Dowan (D:4)
  A scorpion (D:8)
  An electric eel (Lair:1)
  7 howler monkeys
  6 crimson imps
  6 hounds
  3 jellies
  3 orc priests (D:8)
  10 orc wizards
  A bullfrog skeleton (D:5)
  A centaur skeleton (D:4)
  3 iguanas
  11 worker ants
  A killer bee zombie (D:6)
  A hound zombie (D:11)
  A hound skeleton (D:8)
  A worker ant zombie (D:10)
  Robin (D:2)
  2 gnolls
  A howler monkey skeleton (D:7)
  13 adders
  3 shadow imps
  2 adder skeletons
  A dart slug (D:1)
  2 leopard geckos
  36 orcs
  10 bats
  12 giant cockroaches
  14 goblins
  9 hobgoblins
  17 jackals
  3 quokkas
  A ball python (D:6)
  3 frilled lizards
  4 kobolds
  2 leopard gecko skeletons
  5 rats
299 creatures vanquished.

Vanquished Creatures (collateral kills)
  Gastronok (Lair:1)
  Sonja (Lair:1)
  An ugly thing (IceCv)
  An ice statue (IceCv)
  A spiny frog (Lair:4)
  A polar bear (Lair:4)
  2 dream sheep
  A hippogriff (Lair:4)
  2 yaks
  A basilisk (Lair:4)
  2 porcupines
  5 wolves (Lair:4)
  A fungus (Lair:4)
20 creatures vanquished.

Vanquished Creatures (others)
  A plant (Lair:4)
1 creature vanquished.

Grand Total: 320 creatures vanquished

Notes
Turn   | Place    | Note
-------+----------+-------------------------------------------
     0 | D:1      | AAAAA the Human Assassin began the quest for the Orb.
     0 | D:1      | Reached XP level 1. HP: 16/16 MP: 1/1
   167 | D:1      | Reached XP level 2. HP: 19/22 MP: 2/2
   634 | D:2      | Reached XP level 3. HP: 27/27 MP: 3/3
   690 | D:2      | Reached skill level 5 in Stealth
  1030 | D:2      | Noticed Robin
  1344 | D:1      | Reached XP level 4. HP: 11/33 MP: 4/4
  1748 | D:2      | Killed Robin
  2333 | D:3      | Found an iron altar of Okawaru.
  2385 | D:3      | Reached XP level 5. HP: 38/38 MP: 5/5
  3310 | D:4      | Noticed Sigmund
  3314 | D:4      | Killed Sigmund
  3314 | D:4      | Reached XP level 6. HP: 44/44 MP: 6/6
  3333 | D:4      | Found a hazy altar of Hepliaklqana.
  3334 | D:4      | Found a snail-covered altar of Cheibriados.
  3334 | D:4      | Found an ancient bone altar of Kikubaaqudgha.
  3393 | D:4      | Became a worshipper of Kikubaaqudgha
  3578 | D:4      | Reached XP level 7. HP: 47/50 MP: 7/7
  3857 | D:4      | Reached skill level 3 in Short Blades
  3908 | D:4      | Got a faintly glowing platinum amulet
  3911 | D:4      | Identified the amulet of Mistrust {Inacc rF+ rC+} (You found it on level 4 of the Dungeon)
  3923 | D:4      | Reached skill level 4 in Short Blades
  4450 | D:5      | Entered Level 5 of the Dungeon
  4606 | D:5      | Found a glowing golden altar of the Shining One.
  4888 | D:5      | Reached skill level 5 in Short Blades
  4890 | D:5      | Noticed Duvessa
  4894 | D:5      | Identified the Papyrus of the Arsonist
  5078 | D:5      | Noticed Dowan
  5102 | D:5      | Killed Duvessa
  5102 | D:5      | Reached XP level 8. HP: 44/56 MP: 8/8
  5234 | D:5      | Reached skill level 6 in Short Blades
  5503 | D:4      | Killed Dowan
  5503 | D:4      | Reached skill level 7 in Short Blades
  5880 | D:5      | Noticed Edmund
  5895 | D:5      | Killed Edmund
  6115 | D:5      | Found a staircase to the Ecumenical Temple.
  6120 | D:5      | Reached skill level 8 in Short Blades
  6267 | D:6      | Reached * piety under Kikubaaqudgha
  6267 | D:6      | Identified Kikubaaqudgha's Reference Book on Necromancy (Kikubaaqudgha gifted it to you on level 6 of the Dungeon)
  6267 | D:6      | Received a gift from Kikubaaqudgha
  6524 | D:6      | Reached XP level 9. HP: 29/61 MP: 9/9
  6937 | D:6      | Reached skill level 9 in Short Blades
  7076 | D:6      | Noticed Eustachio
  7080 | D:6      | Killed Eustachio
  7407 | D:7      | Reached skill level 10 in Short Blades
  7436 | D:7      | Found a glowing golden altar of the Shining One.
  7888 | D:7      | Learned a level 2 spell: Swiftness
  7891 | D:7      | Learned a level 2 spell: Corpse Rot
  7894 | D:7      | Learned a level 2 spell: Repel Missiles
  8205 | D:7      | Noticed a hippogriff
  8214 | D:7      | Killed a hippogriff
  8214 | D:7      | Reached ** piety under Kikubaaqudgha
  8438 | D:8      | Found a staircase to the Lair.
  8452 | D:8      | Reached skill level 11 in Short Blades
  8497 | D:8      | Reached XP level 10. HP: 51/70 MP: 10/10
  8902 | D:8      | Reached skill level 5 in Fighting
  8975 | D:8      | Found Yvyod's Gadget Emporium.
  9231 | D:8      | Reached skill level 1 in Spellcasting
  9231 | D:8      | Reached skill level 1 in Necromancy
  9573 | D:8      | Reached *** piety under Kikubaaqudgha
  9573 | D:8      | Identified Kikubaaqudgha's Catalogue of Darkness (Kikubaaqudgha gifted it to you on level 8 of the Dungeon)
  9573 | D:8      | Received a gift from Kikubaaqudgha
  9596 | D:8      | Learned a level 4 spell: Animate Dead
  9900 | D:9      | Got a fine plate armour
 10275 | D:9      | Reached XP level 11. HP: 81/81 MP: 17/17
 10577 | D:9      | Reached skill level 5 in Necromancy
 10762 | D:10     | Entered Level 10 of the Dungeon
 10940 | D:10     | Reached skill level 5 in Spellcasting
 10970 | D:10     | Learned a level 3 spell: Regeneration
 11287 | D:11     | Noticed a centaur warrior
 11367 | Lair:1   | Entered Level 1 of the Lair of Beasts
 11368 | Lair:1   | Noticed Lichfox's ghost (journeyman HuNe)
 11380 | Lair:1   | Learned a level 5 spell: Dispel Undead
 11398 | Lair:1   | Killed Lichfox's ghost
 11557 | Lair:1   | Noticed Harold
 11564 | Lair:1   | Killed Harold
 11673 | Lair:1   | Noticed Sonja
 11682 | Lair:1   | Killed Sonja
 11978 | Lair:1   | Noticed an oklob plant
 11979 | Lair:1   | Found an opulent altar of Gozag.
 11985 | Lair:1   | Killed an oklob plant
 12078 | Lair:1   | Noticed Gastronok
 12108 | Lair:1   | Killed Gastronok
 12703 | Lair:1   | Identified the cursed +1 plate armour of Subjectivity {-Tele Str+3 Slay+4} (You found it on level 9 of the Dungeon)
 12940 | Lair:2   | Reached XP level 12. HP: 80/88 MP: 23/23
 12968 | Lair:2   | Reached **** piety under Kikubaaqudgha
 14045 | Lair:3   | Noticed a four-headed hydra
 14048 | Lair:3   | Killed a four-headed hydra
 14285 | Lair:3   | Found a staircase to the Snake Pit.
 14351 | Lair:3   | Reached skill level 10 in Necromancy
 14442 | Lair:3   | You fall through a shaft!
 14533 | Lair:4   | Found a frozen archway.
 14604 | IceCv    | Entered an ice cave
 15418 | IceCv    | HP: 3/88 [ice beast[an ice statue] (6)]
 15682 | IceCv    | Identified the Incunabulum of Flying Execration
 15706 | IceCv    | Learned a level 6 spell: Simulacrum
 15881 | Lair:4   | Reached XP level 13. HP: 70/93 MP: 10/26
 16017 | Lair:4   | Reached skill level 10 in Spellcasting
 16022 | Lair:4   | Noticed a seven-headed hydra
 16108 | Lair:4   | Slain by a seven-headed hydra

Skill      XL: |  1  2  3  4  5  6  7  8  9 10 11 12 13 |
---------------+----------------------------------------+-----
Stealth        | 5 6 8 |  8.0
Short Blades   | 5 8 11 | 11.0
Fighting       | 3 6 |  6.0
Spellcasting   | 4 7 9 10 | 10.0
Necromancy     | 4 8 10 | 10.8
Throwing       | |  2.0
Dodging        | |  1.0

Action                   |  1- 3 |  4- 6 |  7- 9 | 10-12 | 13-15 || total
-------------------------+-------+-------+-------+-------+-------++-------
Melee: Dagger            |   119 |   196 |   202 |       |       ||   517
       Short sword       |       |       |   135 |     6 |       ||   141
       Rapier            |       |       |    84 |   592 |     5 ||   681
 Fire: Blowgun           |     3 |       |       |       |       ||     3
Throw: Stone             |       |     1 |       |       |       ||     1
 Cast: Animate Dead      |       |       |       |    27 |     1 ||    28
       Repel Missiles    |       |       |       |     2 |       ||     2
       Regeneration      |       |       |       |    24 |     1 ||    25
       Swiftness         |       |       |       |       |     1 ||     1
Invok: Receive Corpses   |       |       |       |    13 |       ||    13
Evoke: Wand              |       |       |     8 |    13 |       ||    21
       Box of beasts     |       |       |       |     3 |       ||     3
  Use: Scroll            |     3 |     5 |     7 |    16 |     2 ||    33
       Potion            |       |       |     1 |       |     1 ||     2
 Stab: Sleeping          |     4 |    15 |    16 |    22 |       ||    57
       Distracted        |       |       |     1 |     4 |       ||     5
  Eat: Chunk             |     1 |     8 |    15 |    20 |     1 ||    45
       Royal jelly       |       |       |       |     2 |       ||     2
       Pizza             |       |       |       |     1 |       ||     1
       Beef jerky        |       |       |       |     7 |       ||     7
Armor: Robe              |    33 |    37 |       |   106 |     4 ||   180
       Scale mail        |       |       |    73 |       |       ||    73
       Leather armour    |       |       |    27 |    39 |       ||    66
Dodge: Dodged            |    77 |   134 |   194 |   367 |    10 ||   782
       Deflected         |       |       |       |     3 |       ||     3
